 Dungeon Crawl Stone Soup version 0.21-a0-135-g8dc100c (webtiles) character file.

81926 AvylaarBelgium the Eclecticist (level 15, -5/89 HPs)
             Began as a Deep Elf Earth Elementalist on July 18, 2017.
             Was a High Priest of Vehumet.
             Shot with an arrow by a deep elf master archer (17 damage)
             ... on level 3 of the Elven Halls.
             The game lasted 02:08:51 (26222 turns).

AvylaarBelgium the Eclecticist (DEEE)              Turns: 26222, Time: 02:08:57

Health: -5/89      AC: 13    Str:  5    XL:     15   Next: 28%
Magic:  4/39       EV: 17    Int: 27    God:    Vehumet [*****.]
Gold:   1246       SH:  6    Dex: 15    Spells: 5/50 levels left

rFire    + + .     SeeInvis .   e - staff of fire
rCold    + . .     Gourm    .   E - +0 buckler {AC+3}
rNeg     + . .     Faith    .   O - +2 leather armour {rN+}
rPois    .         Spirit   .   F - +1 hat
rElec    .         Reflect  +   A - +0 cloak
rCorr    .         Harm     .   U - +0 pair of gloves
MR       ++...     Clarity  +   c - +1 pair of boots
Stlth    ++........             z - +3 amulet of reflection
HPRegen  0.24/turn              s - +3 ring of evasion
MPRegen  0.26/turn              I - ring of protection from magic

@: very slightly contaminated
A: clarity, cold resistance 1, fire resistance 1
a: Renounce Religion


You were on level 3 of the Elven Halls.
You worshipped Vehumet.
Vehumet was extremely pleased with you.
You were not hungry.

You visited 5 branches of the dungeon, and saw 23 of its levels.

You collected 2306 gold pieces.
You spent 1060 gold pieces at shops.

Inventory:

Missiles
 L - 123 stones (quivered)
Armour
 c - a +1 pair of boots (worn)
 m - a +1 robe of magic resistance
 A - a +0 cloak (worn)
 E - a +0 buckler of protection (worn)
 F - a +1 hat (worn)
 O - a +2 leather armour of positive energy (worn)
 U - a +0 pair of gloves (worn)
 Z - the +0 robe of the Original Sin {rPois rN+ Str+3}
   (You found it on level 9 of the Dungeon)

   It affects your strength (+3).
   It protects you from poison.
   It protects you from negative energy.
Magical Staves
 e - an uncursed staff of fire (weapon)
Jewellery
 g - an uncursed ring of fire
 s - a +3 ring of evasion (left hand)
 x - an uncursed ring of protection from cold
 z - a +3 amulet of reflection (around neck)
 G - an uncursed ring of protection from fire
 I - a ring of protection from magic (right hand)
 N - an uncursed ring of wizardry
 R - a cursed ring of teleportation {unknown}
Wands
 a - a wand of scattershot (3/9)
 p - a wand of scattershot (2/9)
 q - a wand of clouds (5/9)
 Q - a wand of iceblast (0/15)
Scrolls
 j - a scroll of fog
 k - a scroll of immolation
 n - 6 scrolls of enchant weapon
 t - 9 scrolls of remove curse
 u - 3 scrolls of recharging
 y - 3 scrolls of magic mapping
 K - 3 scrolls of summoning
 M - 3 scrolls of amnesia
 P - a scroll of brand weapon
 S - 2 scrolls of identify
 V - a scroll of enchant armour
Potions
 i - 2 potions of heal wounds
 v - 11 potions of curing
 w - 3 potions of mutation
 C - 3 potions of resistance
 D - 3 potions of ambrosia
 H - a potion of cancellation
 J - 7 potions of brilliance
 T - a potion of flight
 W - a potion of might
Books
 f - a book of Transfigurations

   Spells                             Type                      Level
   a - Irradiate                      Conjuration/Transmutation    5
   b - Statue Form                    Transmutation/Earth          6
   c - Hydra Form                     Transmutation                6
   d - Dragon Form                    Transmutation                7
 r - a book of Changes

   Spells                             Type                      Level
   a - Beastly Appendage              Transmutation                1
   b - Sticks to Snakes               Transmutation                2
   c - Spider Form                    Transmutation/Poison         3
   d - Ice Form                       Ice/Transmutation            4
   e - Blade Hands                    Transmutation                5
Miscellaneous
 o - a lamp of fire (inert)
Comestibles
 d - 11 bread rations
 l - 8 meat rations
 X - 25 fruits


   Skills:
 - Level 8.8 Fighting
 - Level 6.7 Dodging
 - Level 2.4 Stealth
 - Level 18.3 Spellcasting
 + Level 12.9 Conjurations
 - Level 11.4 Summonings
 - Level 1.1 Transmutations
   Level 6.1 Fire Magic
 - Level 4.4 Ice Magic
 - Level 5.2 Air Magic
 - Level 10.5 Earth Magic


You had 5 spell levels left.
You knew the following spells:

 Your Spells              Type           Power        Failure   Level  Hunger
a - Sandblast             Erth           ######       1%          1    None
b - Regeneration          Chrm/Necr      ###.......   16%         3    None
c - Iron Shot             Conj/Erth      ######....   1%          6    ##.....
d - Summon Ice Beast      Ice/Summ       ######..     1%          4    None
e - Lee's Rapid Deconstr  Erth           ######....   1%          5    None
f - Petrify               Tmut/Erth      ######..     4%          4    None
g - Summon Lightning Spi  Summ/Air       ######..     1%          4    None
h - Stone Arrow           Conj/Erth      ######       1%          3    None
i - Passwall              Tmut/Erth      ######....   1%          2    None
j - Shroud of Golubria    Chrm/Tloc      ###.......   8%          2    None
k - Recall                Summ/Tloc      N/A          1%          3    None
l - Bolt of Cold          Conj/Ice       ######....   6%          6    ##.....
u - Blink                 Tloc           N/A          8%          2    None


Dungeon Overview and Level Annotations

Branches:
Dungeon (11/15)            Temple (1/1) D:5            Lair (6/6) D:8
  Slime (0/5) Lair:6          Orc (2/2) D:11            Elf (3/3) Orc:2
  Swamp: Lair:2-4    Shoals: Lair:2-4     Snake: Lair:2-4    Spider: Lair:2-4

Altars:
Ashenzari
Cheibriados
Dithmenos
Elyvilon
Fedhas
Gozag
Hepliaklqana
Kikubaaqudgha
Makhleb
Nemelex Xobeh
Okawaru
Qazlal
Ru
Sif Muna
Trog
Uskayaw
Vehumet
Wu Jian
Xom
Yredelemnul
Zin
The Shining One
Beogh
Jiyva

Shops:
D:4 =   Orc:2 **   Elf:2 }

Annotations:
D:4 Banto's ghost, novice DsSk
Lair:4 Nessos
Elf:3 exclusion: lightning spire


Innate Abilities, Weirdness & Mutations

You possess an exceptional clarity of mind.
Your flesh is cold resistant. (rC+)
Your flesh is heat resistant. (rF+)


Message History

The stone arrow hits you!
* * * LOW HITPOINT WARNING * * *
Blink to where?
Press: ? - help, Dir - move target cursor, p - deep elf master archer You are very lightly contaminated with residual magic.
As you read the scroll of blinking, it crumbles to dust.
A deep elf high priest comes into view. It is wielding a short sword.
The deep elf sorcerer casts a spell at you.
You resist with almost no effort.
Okay, then.
Casting: Iron Shot
Confirm with . or Enter, or press ? or * to list all spells.
Okay, then.
As you read the scroll of fear, it crumbles to dust.
You assume a fearsome visage.
The deep elf sorcerer looks frightened!
The deep elf high priest looks frightened!
The deep elf master archer easily resists.
The deep elf master archer shoots an arrow.
The arrow hits you!
You die...

...........#..#....e..(..<.#
.#
#+#######..#..#..#####e##..#
#..#..#..#......#..#
#..#..#..#......#..#
#..#..#.e#......#..#
#..#..#.e#......#..#
#..'..#..#......#..#
#########..#..#..'......+..#
...........#..#.@######## .#
...........#..#.......... #
...........#..#......?...
##..#####..#..#..########
.#..#...#..#..#..#
.#..#...#..#..'..# #...#
.#..#...'..#..#..# +...#
.#..#...#..#..#..# #...#
'#..#####..#..#..# #...#


You could see a deep elf master archer, a deep elf sorcerer (fleeing) and a deep
elf high priest (fleeing).

Vanquished Creatures
  A deep elf blademaster (Elf:2)
  2 deep elf sorcerers
  A deep elf elementalist (Elf:3)
  3 deep elf demonologists (Elf:3)
  4 deep elf annihilators
  A deep elf death mage (Elf:3)
  A deep elf high priest (Elf:3)
  4 hydras
  13 dancing weapons
  2 death yaks
  3 two-headed ogres
  An ogre mage (Orc:2)
  2 orc high priests (Orc:2)
  The ghost of ciphuk the Quickloader, a novice KoHu of Dithmenos (D:9)
  The ghost of Enroth the Skirmisher, a novice OgFi of Hepliaklqana (D:7)
  2 deep elf knights (Elf:2)
  The ghost of Banto the Poker, a novice DsSk (D:8)
  Pikel (D:7)
  3 deep elf archers (Elf:1)
  2 orc sorcerers
  26 deep elf magi
  A cyclops (Orc:1)
  Joseph (D:9)
  2 black mambas (Lair:6)
  Maurice (D:9)
  11 spiny frogs
  2 rime drakes
  5 komodo dragons
  6 trolls
  2 polar bears (Lair:6)
  Prince Ribbit (D:6)
  5 hippogriffs
  A blink frog (Lair:6)
  2 dream sheep (D:8)
  3 fire bats (Lair:6)
  9 yaks
  3 air elementals
  2 wyverns
  3 water elementals
  A vampire (D:8)
  3 fire elementals
  A basilisk (Lair:6)
  A soldier ant (D:10)
  2 wargs
  3 porcupines (Lair:5)
  A floating eye (shapeshifter) (Elf:3)
  9 water moccasins
  9 orc warriors
  A slave (D:7)
  A black bear (Lair:1)
  4 phantoms
  2 sky beasts
  5 ogres
  4 centaurs
  6 wolves
  7 crocodiles
  Blork the orc (D:5)
  5 big kobolds
  9 bullfrogs
  A water moccasin zombie (D:9)
  2 scorpions (D:7)
  10 wights
  4 howler monkeys
  An electric eel (D:8)
  3 crimson imps
  2 bullfrog zombies (D:5)
  3 centaur zombies
  2 jellies
  4 orc priests
  9 hounds
  A bullfrog skeleton (D:9)
  4 centaur skeletons
  6 orc wizards
  4 iguanas
  4 worker ants
  2 hound skeletons
  4 howler monkey skeletons
  3 gnolls (D:4)
  8 adders
  A river rat (D:4)
  2 shadow imps
  2 oozes
  An adder skeleton (D:4)
  4 worms
  A dart slug (D:2)
  10 leopard geckos
  35 orcs
  8 bats
  13 giant cockroaches
  5 goblins
  6 hobgoblins
  21 jackals
  4 quokkas
  2 ball pythons
  4 frilled lizards
  18 kobolds
  A quokka skeleton (D:6)
  7 rats
432 creatures vanquished.

Vanquished Creatures (collateral kills)
  An orc warlord (Orc:2)
  A deep elf demonologist (Elf:1)
  A hydra (Lair:6)
  Harold (Lair:2)
  A catoblepas (Lair:6)
  A two-headed ogre (Orc:1)
  5 death yaks
  2 orc high priests (Orc:2)
  A deep troll shaman (Lair:6)
  3 deep elf knights
  Nergalle (Lair:1)
  3 deep elf archers
  5 orc knights
  2 orc sorcerers (Orc:2)
  14 deep elf magi
  An ugly thing (D:11)
  An oklob plant (Lair:3)
  4 elephants (Lair:6)
  3 spiny frogs
  3 komodo dragons
  2 trolls
  A rime drake (Lair:6)
  4 polar bears
  A hippogriff (Lair:6)
  3 blink frogs (Lair:6)
  2 water elementals (Elf:1)
  A wyvern (Lair:4)
  21 yaks
  A fire elemental (Elf:2)
  A basilisk (Lair:1)
  2 wargs (Orc:2)
  A water moccasin (Lair:2)
  A porcupine (Lair:2)
  16 orc warriors
  9 wolves
  A centaur (D:11)
  6 ogres
  4 crocodiles
  A wight (D:11)
  A howler monkey (D:10)
  9 orc priests
  11 orc wizards
  24 orcs
  3 fungi
  3 plants (Lair:6)
183 creatures vanquished.

Vanquished Creatures (others)
  A deep elf archer (Elf:1)
  2 deep elf magi (Elf:1)
  2 slaves (D:7)
  An orc (Orc:2)
  3 goblins (D:7)
  4 fungi
  A plant (Lair:6)
14 creatures vanquished.

Grand Total: 629 creatures vanquished

Notes
Turn   | Place    | Note
-------+----------+-------------------------------------------
     0 | D:1      | AvylaarBelgium the Deep Elf Earth Elementalist began the quest for the Orb.
     0 | D:1      | Reached XP level 1. HP: 10/10 MP: 6/6
   149 | D:1      | Reached XP level 2. HP: 5/15 MP: 1/8
   326 | D:1      | Reached skill level 4 in Spellcasting
   431 | D:1      | Reached XP level 3. HP: 9/19 MP: 7/10
   957 | D:2      | Found a bloodstained altar of Trog.
  1026 | D:2      | Learned a level 2 spell: Passwall
  1030 | D:2      | Learned a level 3 spell: Stone Arrow
  1219 | D:2      | Found a basalt altar of Yredelemnul.
  1236 | D:2      | Noticed a profane servitor
  1253 | D:2      | Found a glowing golden altar of the Shining One.
  1255 | D:2      | Noticed an angel
  1324 | D:2      | Reached XP level 4. HP: 15/24 MP: 3/12
  1572 | D:2      | Reached skill level 1 in Conjurations
  2387 | D:3      | Found a faded altar of an unknown god.
  2389 | D:3      | Reached skill level 5 in Spellcasting
  2747 | D:4      | Found Tuuppu's Jewellery Shoppe.
  2826 | D:4      | Reached XP level 5. HP: 19/28 MP: 7/14
  2996 | D:4      | Reached skill level 5 in Earth Magic
  3051 | D:4      | Noticed a phantom
  3064 | D:4      | Noticed a phantom
  3168 | D:4      | Killed a phantom
  3168 | D:4      | Reached skill level 6 in Spellcasting
  3168 | D:4      | Reached XP level 6. HP: 28/32 MP: 5/17
  3325 | D:4      | Found a glowing drain.
  3620 | D:4      | Noticed Banto's ghost (novice DsSk)
  3747 | D:5      | Entered Level 5 of the Dungeon
  3747 | D:5      | Found a staircase to the Ecumenical Temple.
  3754 | Temple   | Entered the Ecumenical Temple
  4065 | D:5      | Reached XP level 7. HP: 30/36 MP: 3/19
  4194 | D:5      | Reached skill level 7 in Spellcasting
  4530 | D:6      | You fall through a shaft for 3 floors!
  4544 | D:9      | Noticed Joseph
  4776 | D:8      | Learned a level 3 spell: Conjure Flame
  4779 | D:8      | Learned a level 2 spell: Blink
  4785 | D:8      | Learned a level 5 spell: Lee's Rapid Deconstruction
  4807 | D:8      | Found an ornate altar of the Wu Jian Council.
  4859 | D:8      | Found a staircase to the Lair.
  4888 | D:8      | Noticed Banto's ghost (novice DsSk)
  4986 | D:8      | Found a shimmering altar of Xom.
  4986 | D:8      | Noticed a vampire
  4991 | D:8      | Killed a vampire
  4991 | D:8      | Reached skill level 5 in Conjurations
  4991 | D:8      | Reached XP level 8. HP: 41/41 MP: 2/21
  5381 | D:7      | Noticed Enroth's ghost (novice OgFi)
  5406 | D:8      | Reached skill level 8 in Spellcasting
  5510 | D:8      | Noticed a dream sheep
  5510 | D:8      | Noticed a dream sheep
  5925 | D:7      | Reached skill level 9 in Spellcasting
  5975 | D:7      | Found a shattered altar of Ashenzari.
  6015 | Lair:1   | Entered Level 1 of the Lair of Beasts
  6043 | Lair:1   | Learned a level 4 spell: Petrify
  6058 | Lair:1   | Noticed a komodo dragon
  6098 | Lair:1   | Noticed a komodo dragon
  6130 | Lair:1   | Killed a komodo dragon
  6188 | D:9      | Killed Joseph
  6188 | D:9      | Reached XP level 9. HP: 45/45 MP: 0/24
  6279 | D:9      | Noticed Maurice
  6357 | D:9      | Noticed a two-headed ogre
  6366 | D:10     | Entered Level 10 of the Dungeon
  6479 | D:9      | Killed Maurice
  6479 | D:9      | Reached skill level 10 in Spellcasting
  6491 | D:9      | Killed a two-headed ogre
  6716 | D:9      | Noticed ciphuk's ghost (novice KoHu)
  6960 | D:7      | Noticed Pikel
  7001 | D:7      | Reached skill level 11 in Spellcasting
  7130 | D:7      | Killed Pikel
  7270 | D:7      | Reached XP level 10. HP: 50/50 MP: 20/27
  7533 | D:6      | Found an opulent altar of Gozag.
  7577 | D:6      | Found a white marble altar of Elyvilon.
  7578 | D:6      | Found a glowing silver altar of Zin.
  7578 | D:6      | Found an opulent altar of Gozag.
  7588 | D:6      | Noticed Prince Ribbit
  7593 | D:6      | Killed Prince Ribbit
  7675 | D:6      | Found a radiant altar of Vehumet.
  7816 | D:6      | Became a worshipper of Vehumet
  7947 | D:6      | Found a shattered altar of Ashenzari.
  8099 | D:5      | Noticed Blork the orc
  8103 | D:5      | Killed Blork the orc
  8103 | D:5      | Reached skill level 10 in Earth Magic
  8902 | D:7      | Killed Enroth's ghost
  8902 | D:7      | Reached skill level 12 in Spellcasting
  8904 | D:7      | Reached * piety under Vehumet
  8904 | D:7      | Offered knowledge of Shock by Vehumet.
  8918 | D:7      | Learned a level 4 spell: Summon Lightning Spire
  9034 | D:7      | Gained mutation: You are somewhat resistant to further mutation. [mutagenic meat]
  9035 | D:7      | Gained mutation: Scrolls take you a little longer to read. [mutagenic meat]
  9305 | D:7      | Reached skill level 1 in Air Magic
  9457 | D:8      | Killed Banto's ghost
  9911 | D:8      | Noticed a three-headed hydra
  9922 | D:8      | Killed a three-headed hydra
  9925 | D:8      | Reached XP level 11. HP: 38/54 MP: 4/29
 10152 | D:9      | Killed ciphuk's ghost
 10152 | D:9      | Reached skill level 13 in Spellcasting
 10356 | D:9      | Got a fine robe
 10434 | D:10     | Identified the +0 robe of the Original Sin {rPois rN+ Str+3} (You found it on level 9 of the Dungeon)
 10485 | D:10     | Offered knowledge of Freeze by Vehumet.
 10716 | D:10     | Reached skill level 1 in Fire Magic
 10725 | D:10     | Found a radiant altar of Vehumet.
 10893 | D:10     | Noticed a two-headed ogre
 10905 | D:10     | Killed a two-headed ogre
 10905 | D:10     | Reached ** piety under Vehumet
 10905 | D:10     | Reached skill level 5 in Summonings
 10955 | D:10     | Noticed a two-headed ogre
 11018 | D:10     | Killed a two-headed ogre
 11182 | D:10     | Reached skill level 5 in Air Magic
 11608 | D:9      | Learned a level 4 spell: Summon Ice Beast
 12075 | Lair:1   | Found a shimmering altar of Xom.
 12272 | Lair:1   | Offered knowledge of Throw Frost by Vehumet.
 12297 | Lair:1   | Noticed Nergalle
 12319 | Lair:1   | Killed Nergalle
 12319 | Lair:1   | Reached skill level 14 in Spellcasting
 12555 | Lair:2   | Found an iron altar of Okawaru.
 12567 | Lair:2   | Noticed a four-headed hydra
 12583 | Lair:2   | Reached *** piety under Vehumet
 12586 | Lair:2   | Killed a four-headed hydra
 13037 | Lair:2   | Noticed Harold
 13047 | Lair:2   | Reached skill level 5 in Fire Magic
 13662 | Lair:2   | Killed Harold
 13838 | Lair:3   | Found a hide-covered altar of Uskayaw.
 13839 | Lair:3   | Noticed an oklob plant
 13922 | Lair:3   | Killed an oklob plant
 13949 | Lair:3   | Reached XP level 12. HP: 59/59 MP: 24/32
 14093 | Lair:3   | Noticed a death yak
 14097 | Lair:3   | Noticed a death yak
 14099 | Lair:3   | Noticed a death yak
 14156 | Lair:3   | Killed a death yak
 14458 | Lair:3   | Killed a death yak
 14468 | Lair:3   | Killed a death yak
 15290 | Lair:4   | Reached skill level 15 in Spellcasting
 15384 | Lair:4   | Noticed Nessos
 15663 | Lair:5   | Offered knowledge of Airstrike by Vehumet.
 16382 | Lair:6   | Entered Level 6 of the Lair of Beasts
 16607 | Lair:6   | Reached skill level 16 in Spellcasting
 16669 | Lair:6   | Noticed a six-headed hydra
 16675 | Lair:6   | Killed a six-headed hydra
 16692 | Lair:6   | Reached **** piety under Vehumet
 16708 | Lair:6   | Offered knowledge of Olgreb's Toxic Radiance by Vehumet.
 16708 | Lair:6   | Reached skill level 10 in Summonings
 16801 | Lair:6   | Found a staircase to the Slime Pits.
 16802 | Lair:6   | Found a viscous altar of Jiyva.
 17082 | Lair:6   | Noticed a death yak
 17082 | Lair:6   | Noticed a death yak
 17082 | Lair:6   | Noticed a death yak
 17082 | Lair:6   | Noticed a catoblepas
 17107 | Lair:6   | Killed a death yak
 17107 | Lair:6   | Reached XP level 13. HP: 63/63 MP: 8/35
 17586 | Lair:6   | Reached ***** piety under Vehumet
 17628 | Lair:6   | Got a warped ring mail
 17639 | Lair:6   | Identified the +2 ring mail "Weim Cus" {Str+4 Slay+2} (You found it on level 6 of the Lair of Beasts)
 17726 | Lair:6   | Offered knowledge of Force Lance by Vehumet.
 17726 | Lair:6   | Reached skill level 17 in Spellcasting
 18610 | D:11     | Found a staircase to the Orcish Mines.
 18782 | Orc:1    | Entered Level 1 of the Orcish Mines
 19298 | Orc:1    | Found a burning altar of Makhleb.
 19371 | Orc:1    | Offered knowledge of Iron Shot by Vehumet.
 19604 | Orc:1    | Found a roughly hewn altar of Beogh.
 19623 | Orc:1    | Reached skill level 18 in Spellcasting
 19789 | Orc:2    | Entered Level 2 of the Orcish Mines
 19838 | Orc:2    | Learned a level 6 spell: Iron Shot
 20044 | Orc:2    | Found a staircase to the Elven Halls.
 20216 | Orc:2    | Lost mutation: You are somewhat resistant to further mutation. [potion of mutation]
 20216 | Orc:2    | Lost mutation: Scrolls take you a little longer to read. [potion of mutation]
 20216 | Orc:2    | Gained mutation: Your flesh is cold resistant. (rC+) [potion of mutation]
 20216 | Orc:2    | Gained mutation: You possess an exceptional clarity of mind. [potion of mutation]
 20216 | Orc:2    | Gained mutation: Your flesh is heat resistant. (rF+) [potion of mutation]
 20255 | Orc:2    | Noticed an orc warlord
 20276 | Orc:2    | Killed an orc warlord
 20276 | Orc:2    | Reached skill level 10 in Conjurations
 20669 | Orc:2    | Reached skill level 1 in Fighting
 20742 | Orc:2    | Learned a level 3 spell: Regeneration
 20745 | Orc:2    | Learned a level 2 spell: Shroud of Golubria
 21130 | Orc:2    | Found Qerieb's Weapon Shoppe.
 21130 | Orc:2    | Found Erileith's Distillery.
 21132 | Orc:2    | Found Simit's Assorted Antiques.
 21132 | Orc:2    | Found Naofim's General Store.
 21147 | Orc:2    | Bought a bloodstained falchion for 208 gold pieces
 21147 | Orc:2    | Lost strength.
 21147 | Orc:2    | Identified the +10 falchion of Upheaval {drain, +Blink Str-5 Int+9 Dex-5} (You bought it in a shop on level 2 of the Orcish Mines)
 21155 | Orc:2    | Bought 2 potions of resistance for 220 gold pieces
 21155 | Orc:2    | Bought a potion of curing for 33 gold pieces
 21155 | Orc:2    | Bought 2 potions of curing for 66 gold pieces
 21155 | Orc:2    | Bought a potion of degeneration for 11 gold pieces
 21155 | Orc:2    | Bought a potion of heal wounds for 55 gold pieces
 21155 | Orc:2    | Bought a potion of degeneration for 11 gold pieces
 21155 | Orc:2    | Bought a potion of degeneration for 11 gold pieces
 21155 | Orc:2    | Bought a potion of mutation for 88 gold pieces
 21155 | Orc:2    | Bought a potion of curing for 33 gold pieces
 21155 | Orc:2    | Bought a potion of curing for 33 gold pieces
 21155 | Orc:2    | Bought a potion of brilliance for 44 gold pieces
 21155 | Orc:2    | Bought a potion of might for 44 gold pieces
 21155 | Orc:2    | Bought a potion of brilliance for 44 gold pieces
 21155 | Orc:2    | Bought a potion of curing for 33 gold pieces
 21155 | Orc:2    | Bought a potion of berserk rage for 55 gold pieces
 21185 | Orc:2    | Bought 12 stones for 18 gold pieces
 21185 | Orc:2    | Bought a scroll of identify for 30 gold pieces
 21190 | Orc:2    | Bought a bubbling coppery potion for 23 gold pieces
 21369 | Elf:1    | Entered Level 1 of the Elven Halls
 21468 | Elf:1    | Offered knowledge of Bolt of Cold by Vehumet.
 21468 | Elf:1    | Reached skill level 5 in Fighting
 21503 | Elf:1    | Reached XP level 14. HP: 78/78 MP: 11/38
 22154 | Elf:1    | Noticed a deep elf sorcerer
 22157 | Elf:1    | Killed a deep elf sorcerer
 22176 | Elf:1    | Identified the Incunabulum of Supportive Conjuration
 22193 | Elf:1    | Learned a level 3 spell: Recall
 22982 | Elf:2    | Found Qobiob's Quality Used Wands.
 23323 | Elf:2    | Found a huge runed gate.
 23323 | Elf:2    | Found a huge runed gate.
 23323 | Elf:2    | Found a huge runed gate.
 23324 | Elf:2    | Found a huge runed gate.
 23326 | Elf:2    | Found a huge runed gate.
 23969 | Elf:2    | Noticed a deep elf blademaster
 24217 | Elf:2    | Reached skill level 5 in Dodging
 24234 | Elf:2    | Killed a deep elf blademaster
 24779 | Elf:3    | Entered Level 3 of the Elven Halls
 25092 | Elf:2    | Learned a level 6 spell: Bolt of Cold
 25251 | Elf:3    | Reached skill level 1 in Ice Magic
 25406 | Elf:3    | Reached XP level 15. HP: 89/89 MP: 20/39
 25407 | Elf:3    | Noticed a deep elf sorcerer
 25409 | Elf:3    | Killed a deep elf sorcerer
 26182 | Elf:3    | Noticed a deep elf master archer
 26201 | Elf:3    | Noticed a deep elf sorcerer
 26205 | Elf:3    | Noticed a deep elf master archer
 26222 | Elf:3    | Shot with an arrow by a deep elf master archer

Vault maps used:
D:1:      dpeg_arrival_castle
D:2:      grunt_temple_overflow_holy_war, trog_book
D:3:      chequers_ecumenical_altar_simple, first_bread
D:4:      serial_shops, shop_statue, gup_sewer_entry_spiral
D:5:      minmay_temple_entry_junction, uniq_blork_the_orc
D:6:      nicolae_overflow_quartered_altars, basic_altar,
          minmay_item_behind_shaft, minmay_misc_feat_iff, lemuel_statue_altar,
          uniq_prince_ribbit1
D:7:      overflow_temple_1_default, enter_bailey_3,
          hangedman_abyss_or_decor_lesser_grid, uniq_pikel
D:8:      marbit_many_paths, lemuel_doored_altar, lair_entry_dummy,
          hangedman_ranch, minmay_crystal_water, patterned_corridor
D:9:      uniq_maurice, uniq_joseph
D:10:     basic_altar, dk_noncrumbling_2
D:11:     orc_0_dummy
Temple:   dshaligram_water_room_temple
Lair:1:   basic_altar, columned_hall_lemuel, ldierk_geyser, uniq_nergalle
Lair:2:   basic_altar, uniq_harold
Lair:3:   lemuel_oklob_altar
Lair:4:   minmay_swamp_entry_reptiles, minmay_snake_entry_guardpost_medium,
          uniq_nessos
Lair:5:   cheibrodos_lair_lostbears
Lair:6:   grunt_lair_end_beastmaster, slime_altar_1,
          nicolae_volcano_entry_batcave, grunt_megastairs_5
Orc:1:    basic_altar, nicolae_orc_damp_corner, bloody_makhleb
Orc:2:    grunt_orc_tribal_feast, nicolae_orc_lava_tube, mines4_lemuel
Elf:1:    eino_elf_arrival_sip, minmay_elf_crystal_hexagon, minmay_elf_sorcery
Elf:2:    nicolae_for_you_no_charge
Elf:3:    minmay_elf_hall_four_x

Skill      XL: |  1  2  3  4  5  6  7  8  9 10 11 12 13 14 15 |
---------------+----------------------------------------------+-----
Spellcasting   | 4 5 6 7 9 11 12 14 16 18 | 18.3
Earth Magic    | 4 5 6 8 9 10 | 10.5
Conjurations   | 1 2 3 5 7 8 9 10 11 12 | 12.9
Air Magic      | 3 5 |  5.2
Summonings     | 3 7 10 11 | 11.4
Fire Magic     | 5 6 |  6.1
Fighting       | 5 8 |  8.8
Dodging        | 6 |  6.7
Ice Magic      | 2 4 |  4.4
Stealth        | |  2.4
Transmutations | |  1.1

Action                   |  1- 3 |  4- 6 |  7- 9 | 10-12 | 13-15 || total
-------------------------+-------+-------+-------+-------+-------++-------
Melee: Unarmed           |     1 |       |       |       |       ||     1
       Whip              |    62 |    40 |       |    45 |       ||   147
       Falchion          |       |    66 |    21 |       |       ||    87
       Staff             |       |       |       |       |    10 ||    10
 Cast: Sandblast         |    53 |    23 |    72 |   224 |   144 ||   516
       Stone Arrow       |     7 |    51 |    53 |   131 |    15 ||   257
       Blink             |       |       |     3 |    13 |    12 ||    28
       Petrify           |       |       |    11 |       |     2 ||    13
       Conjure Flame     |       |       |     7 |     2 |       ||     9
       Lee's Rapid Decon |       |       |     2 |    11 |     9 ||    22
       Passwall          |       |       |     1 |       |     3 ||     4
       Summon Ice Beast  |       |       |       |    88 |    91 ||   179
       Summon Lightning  |       |       |       |    36 |    87 ||   123
       Iron Shot         |       |       |       |       |   123 ||   123
       Regeneration      |       |       |       |       |    27 ||    27
       Shroud of Golubri |       |       |       |       |     4 ||     4
Evoke: Wand              |       |       |    31 |       |     2 ||    33
       Lamp of fire      |       |       |       |       |     1 ||     1
  Use: Scroll            |       |       |    12 |    16 |    11 ||    39
       Potion            |       |       |     1 |     5 |     5 ||    11
 Stab: Sleeping          |       |     2 |       |       |       ||     2
       Petrified         |       |       |     1 |       |       ||     1
  Eat: Chunk             |     1 |    10 |     8 |    26 |    21 ||    66
       Royal jelly       |       |       |     2 |     3 |     6 ||    11
       Meat ration       |       |       |       |       |     1 ||     1
Armor: Robe              |    38 |    15 |     7 |    26 |    15 ||   101
       Leather armour    |       |       |       |       |     5 ||     5
Dodge: Dodged            |    95 |   117 |    89 |   155 |    74 ||   530
Block: Other             |       |       |       |    11 |     3 ||    14
       Buckler           |       |       |       |       |    27 ||    27
       Reflection        |       |       |       |       |    14 ||    14
       Rpst.: Falchion   |       |    34 |    23 |       |       ||    57
